[Event "*** SCC Grand Prix: Titled Tuesday Blitz"]
[Site "Chess.com"]
[Date "2020.08.11"]
[Round "9"]
[White "lelajavakhishvili"]
[Black "FlamingPhoenix123"]
[Result "1-0"]
[WhiteElo "2442"]
[BlackElo "2545"]
[TimeControl "180+1"]
[EndTime "11:48:25 PDT"]
[Termination "lelajavakhishvili won by resignation"]

1. d4 Nf6 2. Nf3 e6 3. c4 Bb4+ 4. Nbd2 b6 5. a3 Bxd2+ 6. Qxd2 Bb7 7. e3 d6 8. Be2 Nbd7 9. O-O O-O 10. b4 Ne4 11.
Qc2 c5 12. Bb2 Rc8 13. dxc5 dxc5 14. b5 Qc7 15. a4 Rfd8 16. Rfd1 h6 17. h3 f5 18. a5 bxa5 19. Qa4 a6 20. Qxa5 axb5 21. Qxc7 Rxc7 22. Ne5 bxc4 23. Bxc4 Bd5 24. Bxd5 exd5 25. Rxd5 Nef6 26. Rd6 Rb8 27. Bc3 Rb3 28. Ra8+ Kh7 29.
Nxd7 Rxd7 30. Rxd7 Nxd7 31. Ba1 Rb1+ 32. Kh2 Nf6 33.
Bxf6 gxf6 34. Rc8 Rc1 35. Kg3 Rc2 36. h4 Kg6 37. Kf3 c4 38. g3 Kg7 39. Rc7+ Kg6 40. Rc8 Kf7 41. h5 c3 42. Rc6 Ke7 43. Rc8 Kf7 44.
Rc7+ Ke6 45. Rc5 Rc1 46. Kf4 c2 47. f3 Kd6 48. Rc8 Kd7 49. Rc3 Ke6 50. Rc6+ Kd5 51. Rc8 Ke6 52. Rc5 Kd6 53. Rc4 Kd5 54. Rd4+ Ke6 55.
Rd2 Rh1 56. Rxc2 Rxh5 57. Rc6+ Kf7 58. Rc5 Rg5 59. Rxf5 Rg8 60. g4 Ra8 61. Rc5 Ra4+ 62. e4 Kg6 63. Rc8 Kf7 64. Rc7+ Kg6 65. Rc3 Kf7 66. Kg3 Kg6 67. Kh4 Ra1 68. Re3 Rh1+ 69. Kg3 Rg1+ 70. Kf2 Ra1 71. f4 Ra2+ 72. Kf3 Ra4 73.
Rd3 Ra1 74. Re3 Ra4 75. Kg3 Ra1 76. e5 fxe5 77. fxe5 Kf7 78. e6+ Ke7 79. Kf4 Ra4+ 80. Kf5 Ra5+ 81. Re5 Ra4 82. Re3 Ra1 83. Kg6 Ra4 84.
Rg3 Kxe6 85. Kxh6 Kf7 86. Kh7 Kf6 87. Kh6 Ra6 88. g5+ Kf7+ 89. Kh7 Kf8 90. g6 Ra7+ 91. g7+ Kf7 92. g8=Q+ Kf6+ 93. Rg7 Ra1 94. Qf7+ Ke5 95.
Qe7+ 1-0

[Event "*** SCC Grand Prix: Titled Tuesday Blitz"]
[Site "Chess.com"]
[Date "2020.08.11"]
[Round "9"]
[White "Alexsur1981"]
[Black "GMKrikor"]
[Result "1-0"]
[WhiteElo "2624"]
[BlackElo "2727"]
[TimeControl "180+1"]
[EndTime "11:48:35 PDT"]
[Termination "Alexsur1981 won by checkmate"]

1. e4 g6 2. d4 Bg7 3. c4 d6 4.
Nc3 Nc6 5. Nge2 e5 6. d5 Nd4 7. Be3 Nxe2 8. Bxe2 f5 9. f3 Bh6 10. Qd2 Bxe3 11. Qxe3 Nf6 12. O-O-O O-O 13. Kb1 b6 14. Rhg1 Qe7 15. b4 a5 16. a3 axb4 17. axb4 fxe4 18. fxe4 Bg4 19. Kb2 Bxe2 20. Qxe2 Nh5 21.
g3 Qg5 22. Rgf1 Nf6 23. Rf3 Ng4 24. Rdf1 Rxf3 25. Rxf3 h5 26. h3 Nh6 27. Qe3 Qxe3 28. Rxe3 Nf7 29. Nb5 Rc8 30. Ra3 Ng5 31. Ra7 Nxe4 32.
Nxc7 Nxg3 33. c5 bxc5 34. bxc5 dxc5 35. Ne6 Nf5 36. Kc3 Nd6 37. Rd7 Nf5 38. Ng5 c4 39. Ne4 Nd4 40. d6 Kf8 41. Rh7 Nb5+ 42. Kb4 Nxd6 43.
Nxd6 Rc6 44. Nxc4 Kg8 45. Re7 Kf8 46. Rxe5 Kg7 47. Re3 Rf6 48. Kc3 Rf4 49. Ne5 g5 50. Nd3 Rf5 51. Rg3 Kf6 52. Kd2 Rd5 53. Ke3 Ra5 54.
Rg1 Kg6 55. Rb1 Kf5 56. Rb8 Ra4 57. Rf8+ Kg6 58. Kf2 Ra2+ 59. Kg3 Ra3 60. Rd8 Ra6 61. Ne5+ Kf5 62. Nf3 Ra3 63. Rf8+ Ke6 64. Kg2 Ke7 65. Rf5 g4 66. hxg4 hxg4 67. Nh2 Ra2+ 68. Kg3 Ra4 69. Nxg4 Ra3+ 70. Kf4 Ra4+ 71. Kg5 Ra1 72. Rb5 Kd6 73. Ne3 Rg1+ 74. Kf5 Rc1 75. Ke4 Kc6 76. Rh5 Ra1 77. Kd4 Kd7 78. Rh6 Ra5 79. Nd5 Ra1 80. Nc3 Rg1 81. Kc5 Rc1 82. Kc4 Rg1 83. Kd4 Rg4+ 84.
Ne4 Rg1 85. Ke5 Kc7 86. Re6 Rd1 87. Nc3 Rd3 88. Nd5+ Kb7 89. Kd6 Rd1 90. Re3 Rb1 91. Rc3 Rd1 92. Rb3+ Kc8 93. Kc6 Rc1+ 94. Nc3 Rh1 95. Ne4 Rc1+ 96. Nc5 Rh1 97. Re3 Rh6+ 98. Ne6 Rh1 99. Rg3 Rc1+ 100. Nc5 Kd8 101. Kd6 Rd1+ 102. Nd3 Kc8 103. Kc6 Kd8 104. Re3 Ra1 105. Nc5 Rh1 106. Nb7+ Kc8 107. Re8# 1-0

[Event "*** SCC Grand Prix: Titled Tuesday Blitz"]
[Site "Chess.com"]
[Date "2020.08.11"]
[Round "9"]
[White "kakakz"]
[Black "tan275"]
[Result "1-0"]
[WhiteElo "2441"]
[BlackElo "2246"]
[TimeControl "180+1"]
[EndTime "11:48:41 PDT"]
[Termination "kakakz won by checkmate"]

1. d4 d5 2. Nf3 Nf6 3. g3 c5 4.
Bg2 Nc6 5. O-O e6 6. c4 dxc4 7. dxc5 Qxd1 8. Rxd1 Bxc5 9. Ne5 O-O 10. Nxc6 bxc6 11.
Bf4 Nd5 12. Bc1 Rb8 13. e4 Nb4 14. Na3 Ba6 15. Bf1 Nd3 16. Be3 Bxe3 17. fxe3 Nxb2 18. Rd6 Bb5 19. Rc1 Rfd8 20. e5 Nd3 21. Rd1 Ba4 22. Rd2 Rxd6 23. exd6 Nb2 24. d7 Rd8 25. Rxb2 c3 26. Rb7 c2 27. Nxc2 Bxc2 28. Rc7 Kf8 29. Rxc6 Be4 30. Rc7 Ke7 31. Bb5 a5 32. Kf2 Rb8 33.
a4 Kd8 34. Rc4 Bd5 35. Rh4 h6 36. Rg4 g6 37. Rh4 h5 38. g4 Ke7 39. gxh5 gxh5 40. Rxh5 Rg8 41. h4 Rg2+ 42. Ke1 Rg8 43. Rh7 Rd8 44. Rg7 Kf6 45. Rh7 e5 46. Rh6+ Ke7 47.
Ra6 Be6 48. Rxa5 Bxd7 49. Bxd7 Rxd7 50. Rxe5+ Kf6 51. Re4 Ra7 52. Kf2 Ra5 53. Kf3 Kg6 54. Kg4 f6 55. Rf4 Re5 56. h5+ Kh6 57. Rxf6+ Kg7 58.
Rg6+ Kf7 59. Ra6 Rxe3 60. Ra8 Re4+ 61. Kg3 Re5 62. Kh4 Kg7 63. a5 Kh6 64. a6 Rxh5+ 65. Kg4 Ra5 66. Kf4 Kg7 67. Ke4 Kf7 68. Kd4 Kg7 69. Kc4 Ra1 70. Kb5 Rb1+ 71. Kc6 Rc1+ 72.
Kb7 Rb1+ 73. Ka7 Rf1 74. Re8 Rf7+ 75. Ka8 Rf6 76. a7 Kf7 77. Re2 Ra6 78. Kb7 Ra3 79.
a8=Q Rxa8 80. Kxa8 Kf6 81. Kb7 Kf5 82. Kc6 Kf4 83.
Kd5 Kf3 84. Re4 Kf2 85. Kd4 Kf3 86. Kd3 Kf2 87. Re3 Kf1 88. Re2 Kg1 89. Ke3 Kh1 90.
Kf3 Kg1 91. Kg3 Kh1 92. Re1# 1-0

[Event "*** SCC Grand Prix: Titled Tuesday Blitz"]
[Site "Chess.com"]
[Date "2020.08.11"]
[Round "9"]
[White "bratkoo"]
[Black "MFBerna"]
[Result "0-1"]
[WhiteElo "2544"]
[BlackElo "2422"]
[TimeControl "180+1"]
[EndTime "11:50:18 PDT"]
[Termination "MFBerna won by checkmate"]

1. e4 c6 2. d4 d5 3. e5 c5 4. dxc5 e6 5. Nf3 Bxc5 6. Bd3 Ne7 7. O-O Nbc6 8. a3 Ng6 9. b4 Bb6 10. Bb2 O-O 11. g3 a5 12. b5 Nce7 13. h4 Re8 14.
h5 Nf8 15. Nbd2 Bd7 16. Nb3 Rc8 17. a4 Nf5 18. Qd2 Nxg3 19. Rfe1 Nxh5 20. Kf1 Ng6 21. Bxg6 fxg6 22. Ke2 Rf8 23. Rh1 Nf4+ 24. Kd1 h6 25. Nfd4 g5 26. Kc1 Qc7 27. Kb1 Qxe5 28.
Ka2 Qc7 29. Rae1 Qc4 30. Kb1 Qxa4 31. Nf3 Qxb5 32. Ne5 Be8 33. Nd4 Qc5 34. Nd3 Qd6 35.
Nxf4 Rxf4 36. Rxe6 Rxd4 37. Qxd4 Bxd4 38. Rxd6 Bxb2 39.
Kxb2 Bc6 40. Re1 Rc7 41. Kc3 Rf7 42. Re2 Rf3+ 43. Kd4 a4 44. c3 h5 45. Rg6 Rf4+ 46. Kc5 g4 47. Re7 Rf7 48. Re5 Rxf2 49. Rxh5 Be8 50.
Rxg7+ Kxg7 51. Rg5+ Bg6 52. Rxg4 Rc2 53. Rxa4 Rxc3+ 54. Kxd5 Rc6 55. Rb4 Rc7 56. Kd6 Rf7 57. Kc5 Bf5 58.
Kb6 Be6 59. Rb5 Kg6 60. Rc5 Bf5 61. Rc4 Kg5 62. Rc5 Kf4 63. Ka7 Be4 64. Rb5 Bc6 65. Rb6 Ke5 66. Rb4 Kd6 67. Kb6 Rf5 68.
Rd4+ Rd5 69. Rb4 Rd3 70. Rb2 Kd5 71. Rb4 Rd4 72. Rb2 Kc4 73. Rc2+ Kd3 74. Rb2 Kc3 75.
Rh2 Rb4+ 76. Kc5 Rb5+ 77. Kd6 Kb4 78. Kc7 Kc5 79. Rc2+ Kb4 80. Rb2+ Kc5 81. Rc2+ Kd5 82. Rd2+ Ke6 83. Rd1 Be4 84. Re1 Ke5 85. Rc1 Rb2 86. Rc5+ Kd4 87. Rc1 b5 88. Kb6 b4 89. Kb5 b3 90. Kb4 Bc2 91. Rh1 Ra2 92. Rh4+ Kd3 93. Rh3+ Kd2 94. Rh2+ Kc1 95. Kc3 Kd1 96. Rh1+ Ke2 97.
Rh2+ Ke3 98. Rh3+ Ke4 99. Rh4+ Ke5 100. Rh5+ Ke6 101. Rh6+ Ke7 102. Rb6 Ra4 103. Kb2 Re4 104. Rh6 Re6 105. Rh3 Kd6 106. Rc3 Kd5 107. Rc8 Re1 108. Rd8+ Kc4 109. Rc8+ Kd3 110. Rd8+ Ke3 111. Re8+ Kd2 112. Rd8+ Ke2 113. Re8+ Kd2 114. Rd8+ Ke3 115. Re8+ Kf2 116. Rf8+ Kg3 117. Rg8+ Kf4 118. Rf8+ Kg5 119. Rg8+ Kf6 120. Rf8+ Ke7 121. Rf2 Rb1+ 122. Kc3 Bd1 123. Rd2 Rc1+ 124. Kb4 Rb1 125. Kc3 Ke6 126. Rd4 Ke5 127. Rb4 Rc1+ 128. Kd2 Rb1 129. Kc3 Kd5 130. Rb5+ Kc6 131. Rg5 Bc2 132. Rg2 Rd1 133. Kb2 Rb1+ 134. Kc3 Kb5 135. Rg5+ Ka4 136. Rg4+ Ka3 137. Rg8 b2 138. Ra8+ Ba4 139. Rb8 Rc1+ 140. Kd2 b1=Q 141. Rxb1 Rxb1 142. Ke3 Rb2 143. Ke4 Bb3 144. Kd4 Kb4 145. Ke3 Rc2 146. Kf3 Rc3+ 147. Kf4 Bc2 148. Ke5 Kc4 149. Ke6 Rd3 150. Ke5 Rd4 151. Kf6 Rd5 152. Ke6 Kc5 153. Kf6 Kd6 154. Kf7 Rf5+ 155. Kg7 Ke6 156. Kh8 Kf6 157. Kg8 Rh5 158. Kf8 Rh8# 0-1

[Event "*** SCC Grand Prix: Titled Tuesday Blitz"]
[Site "Chess.com"]
[Date "2020.08.11"]
[Round "10"]
[White "Jadeit90"]
[Black "Caterpiller35"]
[Result "0-1"]
[WhiteElo "2263"]
[BlackElo "2409"]
[TimeControl "180+1"]
[EndTime "11:51:53 PDT"]
[Termination "Caterpiller35 won by checkmate"]

1. c4 e5 2. g3 Nc6 3. Bg2 Bc5 4. Nc3 d6 5. e3 a6 6. Nge2 Ba7 7. O-O h5 8. d4 h4 9. Rb1 hxg3 10. hxg3 Qg5 11. Nd5 Qh5 12. Re1 Qh2+ 13. Kf1 Bh3 14. Bxh3 Qxh3+ 15. Kg1 Qh1# 0-1

[Event "*** SCC Grand Prix: Titled Tuesday Blitz"]
[Site "Chess.com"]
[Date "2020.08.11"]
[Round "10"]
[White "Gvetadze"]
[Black "Panterov"]
[Result "1-0"]
[WhiteElo "2410"]
[BlackElo "2215"]
[TimeControl "180+1"]
[EndTime "11:52:07 PDT"]
[Termination "Gvetadze won by resignation"]

1. Nf3 Nf6 2. g3 g6 3. Bg2 Bg7 4. O-O O-O 5. d3 d5 6. Nbd2 c6 7. e4 Bg4 8. h3 Bxf3 9. Qxf3 Nbd7 10. Qe2 Re8 11. e5 Nh5 12. Nf3 Bh8 13. e6 Ndf6 14.
exf7+ Kxf7 15. Ng5+ Kf8 1-0

[Event "*** SCC Grand Prix: Titled Tuesday Blitz"]
[Site "Chess.com"]
[Date "2020.08.11"]
[Round "10"]
[White "szachuspl"]
[Black "MasterSonnevanck23"]
[Result "0-1"]
[WhiteElo "2494"]
[BlackElo "2363"]
[TimeControl "180+1"]
[EndTime "11:52:54 PDT"]
[Termination "MasterSonnevanck23 won by resignation"]

1. d4 d6 2. e4 Nf6 3. Nc3 g6 4. f3 Bg7 5. Be3 O-O 6. Qd2 e5 7. d5 c6 8. O-O-O cxd5 9. Nxd5 Nxd5 10. Qxd5 Nc6 11. Qxd6 Qa5 12. Bc4 Rd8 13. Qc5 Qxc5 14.
Bxc5 Bh6+ 0-1

[Event "*** SCC Grand Prix: Titled Tuesday Blitz"]
[Site "Chess.com"]
[Date "2020.08.11"]
[Round "10"]
[White "Gnechko_Ruslan"]
[Black "gagtemp"]
[Result "1-0"]
[WhiteElo "2417"]
[BlackElo "1946"]
[TimeControl "180+1"]
[EndTime "11:52:56 PDT"]
[Termination "Gnechko_Ruslan won by resignation"]

1. e4 d5 2. d4 dxe4 3. Nc3 Nf6 4. f3 exf3 5. Nxf3 e6 6. Bd3 Bd6 7. O-O O-O 8. Bg5 h6 9. Bh4 Nbd7 10. Qe2 c5 11. dxc5 Bxc5+ 12. Kh1 b6 13. Ne5 Be7 14.
Nxd7 Qxd7 15. Bxf6 Bxf6 16. Qe4 g6 17. Rxf6 Bb7 18.
Qe5 Qc6 19. Be4 1-0

[Event "*** SCC Grand Prix: Titled Tuesday Blitz"]
[Site "Chess.com"]
[Date "2020.08.11"]
[Round "10"]
[White "SergeyKarjakin"]
[Black "Alexsur1981"]
[Result "1-0"]
[WhiteElo "2972"]
[BlackElo "2621"]
[TimeControl "180+1"]
[EndTime "11:53:00 PDT"]
[Termination "SergeyKarjakin won by resignation"]

1. b3 Nf6 2. Bb2 g6 3. g3 Bg7 4. Bg2 O-O 5. Nf3 c5 6. c4 Nc6 7. O-O b6 8. Nc3 Bb7 9. e3 d5 10. Nxd5 Nxd5 11. Bxg7 Nxe3 12. dxe3 Kxg7 13. Qe2 Qc7 14. h4 Rad8 15. h5 Ne5 16. h6+ Kxh6 17. Nxe5 Bxg2 18. Ng4+ 1-0

[Event "*** SCC Grand Prix: Titled Tuesday Blitz"]
[Site "Chess.com"]
[Date "2020.08.11"]
[Round "10"]
[White "beatnoguera"]
[Black "NotFischer"]
[Result "0-1"]
[WhiteElo "1817"]
[BlackElo "2096"]
[TimeControl "180+1"]
[EndTime "11:53:10 PDT"]
[Termination "NotFischer won by resignation"]

1. e4 d5 2. exd5 Nf6 3. d4 Bg4 4. f3 Bf5 5. c4 e6 6. dxe6 Nc6 7. exf7+ Kxf7 8. d5 Nb4 9. Na3 Bc5 10. Bd2 Re8+ 11.
Be2 Nd3+ 12. Kf1 Nf2 13. Qc1 Nxh1 14. b4 Bxg1 15. Kxg1 Rxe2 16. Kxh1 Qe7 17. Bg5 Re8 18. Bh4 h6 19. h3 g5 20. Bg3 Nh5 21. Kh2 Nxg3 0-1

[Event "*** SCC Grand Prix: Titled Tuesday Blitz"]
[Site "Chess.com"]
[Date "2020.08.11"]
[Round "10"]
[White "Chuchofrio1"]
[Black "GAusal"]
[Result "0-1"]
[WhiteElo "2265"]
[BlackElo "2162"]
[TimeControl "180+1"]
[EndTime "11:53:18 PDT"]
[Termination "GAusal won by checkmate"]

1. d4 d5 2. c4 e5 3. dxe5 d4 4. Nf3 Nc6 5. Nbd2 Nge7 6. Nb3 Ng6 7. Nbxd4 Ngxe5 8. Nxe5 Nxe5 9. Nb5 c6 10. Qxd8+ Kxd8 11. Na3 Kc7 12. b3 Bb4+ 13. Kd1 Bf5 14. Bf4 Rhd8+ 15. Kc1 Bxa3# 0-1

[Event "*** SCC Grand Prix: Titled Tuesday Blitz"]
[Site "Chess.com"]
[Date "2020.08.11"]
[Round "10"]
[White "Tsyhanchuk_Stanislav"]
[Black "ural58"]
[Result "1-0"]
[WhiteElo "2403"]
[BlackElo "2507"]
[TimeControl "180+1"]
[EndTime "11:53:39 PDT"]
[Termination "Tsyhanchuk_Stanislav won by checkmate"]

1. e4 d5 2. exd5 Qxd5 3. Nc3 Qa5 4. d4 Nf6 5. Bc4 Bg4 6. f3 Be6 7. Bxe6 fxe6 8. Ne2 Nc6 9. O-O O-O-O 10. Bd2 Qa6 11.
b4 Nxd4 12. Nxd4 Rxd4 13. Qe1 Rxb4 14. Ne4 Rb6 15. Ng5 h6 16. Nf7 Rg8 17. Rd1 Nd5 18. Qe4 g5 19. c4 Rg7 20. cxd5 Rxf7 21. Qg6 Rf6 22. Qe8# 1-0

[Event "*** SCC Grand Prix: Titled Tuesday Blitz"]
[Site "Chess.com"]
[Date "2020.08.11"]
[Round "10"]
[White "Rubinstein_Akiba"]
[Black "DrMamaliga"]
[Result "1-0"]
[WhiteElo "2453"]
[BlackElo "2211"]
[TimeControl "180+1"]
[EndTime "11:53:42 PDT"]
[Termination "Rubinstein_Akiba won by resignation"]

1. e4 e5 2. Nf3 Nc6 3. Bb5 a6 4.
Ba4 d6 5. O-O Bg4 6. h3 h5 7.
Bxc6+ bxc6 8. d3 Qf6 9. Nbd2 Ne7 10. Re1 Be6 11. Nf1 Bg4 12. hxg4 hxg4 13. N3h2 1-0

[Event "*** SCC Grand Prix: Titled Tuesday Blitz"]
[Site "Chess.com"]
[Date "2020.08.11"]
[Round "10"]
[White "Sanyura"]
[Black "temus_galaktionov"]
[Result "1-0"]
[WhiteElo "2440"]
[BlackElo "2664"]
[TimeControl "180+1"]
[EndTime "11:53:52 PDT"]
[Termination "Sanyura won by resignation"]

1. e4 c6 2. Nc3 g6 3. d4 Bg7 4. Nf3 d6 5. h3 Nd7 6. Bc4 e5 7. dxe5 dxe5 8. Ng5 Nh6 9. O-O O-O 10. a4 Qe7 11. b3 Re8 12. Qf3 Nc5 13. Ba3 Qxg5 14. Bxc5 Be6 15. Bxe6 Rxe6 16. Rad1 b6 17. Be3 Qe7 18. Rd3 Rd8 19. Rfd1 Red6 20. Qe2 Rxd3 21. Rxd3 Kf8 22. a5 Rxd3 23. Qxd3 b5 24. b4 a6 25. Bc5 1-0

[Event "*** SCC Grand Prix: Titled Tuesday Blitz"]
[Site "Chess.com"]
[Date "2020.08.11"]
[Round "10"]
[White "wild_cat99"]
[Black "Grandelicious"]
[Result "0-1"]
[WhiteElo "2632"]
[BlackElo "2756"]
[TimeControl "180+1"]
[EndTime "11:54:06 PDT"]
[Termination "Grandelicious won by resignation"]

1. Nf3 d5 2. e3 Nf6 3. c4 e6 4. b3 b6 5. Bb2 Bb7 6. g3 Nbd7 7. Bg2 Nc5 8. Ne5 Bd6 9. d4 dxc4 10. Bxb7 Nxb7 11. Nxc4 Bb4+ 12. Nbd2 Qd5 13. Kf1 Qxh1+ 0-1

[Event "*** SCC Grand Prix: Titled Tuesday Blitz"]
[Site "Chess.com"]
[Date "2020.08.11"]
[Round "10"]
[White "Roaccutane"]
[Black "Andrii_Prydun"]
[Result "1-0"]
[WhiteElo "2560"]
[BlackElo "2349"]
[TimeControl "180+1"]
[EndTime "11:54:07 PDT"]
[Termination "Roaccutane won by resignation"]

1. d4 d5 2. Nc3 Nf6 3. Bg5 e6 4. e4 dxe4 5. Nxe4 Nbd7 6. Nf3 Be7 7.
Nxf6+ Bxf6 8. Be3 O-O 9. Bd3 c5 10. c3 cxd4 11. Nxd4 Nc5 12. Bc2 Bd7 13. Qh5 g6 14.
Qxc5 e5 15. Nf3 Bc6 16. O-O Bxf3 17. gxf3 Qd7 18. Qc4 h5 19. Bxg6 Kh8 20. Bxh5 Rac8 21. Qe4 Rg8+ 22. Bg4 Qe6 23. Kh1 1-0

[Event "*** SCC Grand Prix: Titled Tuesday Blitz"]
[Site "Chess.com"]
[Date "2020.08.11"]
[Round "10"]
[White "AleksanderHnydiuk"]
[Black "eCztery"]
[Result "1-0"]
[WhiteElo "2553"]
[BlackElo "2429"]
[TimeControl "180+1"]
[EndTime "11:54:37 PDT"]
[Termination "AleksanderHnydiuk won by resignation"]

1. e4 c5 2. Nf3 g6 3. d4 cxd4 4.
Qxd4 Nf6 5. Bb5 a6 6. e5 Ng8 7. e6 Nf6 8. exf7+ Kxf7 9. Bc4+ Kg7 10. O-O Nc6 11. Qh4 h6 12. Nc3 e6 13. Qg3 d5 14.
Bd3 g5 15. Bxg5 hxg5 16. Nxg5 Nh5 17. Nxe6+ Kf6 18. Qg6+ 1-0

[Event "*** SCC Grand Prix: Titled Tuesday Blitz"]
[Site "Chess.com"]
[Date "2020.08.11"]
[Round "10"]
[White "JonasHilwerda"]
[Black "Novoselski"]
[Result "1-0"]
[WhiteElo "2227"]
[BlackElo "2353"]
[TimeControl "180+1"]
[EndTime "11:54:38 PDT"]
[Termination "JonasHilwerda won by checkmate"]

1. d4 Nf6 2. Bf4 b6 3. Nc3 Bb7 4. f3 g6 5. e4 Bg7 6. Qd2 O-O 7.
O-O-O d6 8. Bh6 c5 9. d5 a6 10. h4 b5 11. h5 b4 12. Na4 Nfd7 13. Bxg7 Kxg7 14. hxg6 hxg6 15. Qh6+ Kf6 16. Ne2 Ne5 17. Qf4+ Kg7 18. Qh6+ Kf6 19. f4 Nc4 20. Qg5+ Kg7 21. Qh6+ Kf6 22. Ng3 e5 23. Qg5+ Kg7 24. Nf5+ Kg8 25.
Rh8+ Kxh8 26. Qh6+ Kg8 27. Qg7# 1-0

[Event "*** SCC Grand Prix: Titled Tuesday Blitz"]
[Site "Chess.com"]
[Date "2020.08.11"]
[Round "10"]
[White "Karina_Ivanova"]
[Black "rududuyk"]
[Result "0-1"]
[WhiteElo "2200"]
[BlackElo "2108"]
[TimeControl "180+1"]
[EndTime "11:54:48 PDT"]
[Termination "rududuyk won by resignation"]

1. d4 e6 2. Nf3 f5 3. g3 Nf6 4.
Bg2 Be7 5. O-O O-O 6. c4 d6 7.
Nc3 Ne4 8. Qc2 Nxc3 9. Qxc3 a5 10. b3 Nc6 11. Bb2 Bf6 12. Qd3 e5 13. dxe5 dxe5 14. Qxd8 Rxd8 15. Rad1 Be6 16. Nd2 Kf7 17. Nb1 e4 18.
Bxf6 Kxf6 19. e3 Nb4 20. Nc3 c6 21. Rxd8 Rxd8 22. Rd1 Rxd1+ 23. Nxd1 Nxa2 24. Bf1 Ke5 25. Be2 Kd6 26. Nb2 Kc5 27. Kf1 Kb4 28. Bd1 Nc1 29. Na4 Nxb3 30. Nb6 Bxc4+ 0-1

[Event "*** SCC Grand Prix: Titled Tuesday Blitz"]
[Site "Chess.com"]
[Date "2020.08.11"]
[Round "10"]
[White "korkmaz16"]
[Black "FMJoseHerrera"]
[Result "0-1"]
[WhiteElo "2345"]
[BlackElo "2502"]
[TimeControl "180+1"]
[EndTime "11:54:49 PDT"]
[Termination "FMJoseHerrera won by checkmate"]

1. d4 Nf6 2. Nf3 g6 3. c4 c5 4.
d5 b5 5. cxb5 a6 6. b6 Bg7 7.
Nc3 d6 8. e4 O-O 9. Be2 Qxb6 10. O-O a5 11. Nd2 Ba6 12. Nc4 Qc7 13. Bg5 Nbd7 14.
f4 Rfb8 15. Qd2 Rb4 16. b3 a4 17.
e5 dxe5 18. fxe5 Nxe5 19. Nxe5 Qxe5 20. Bxa6 Rxa6 21. Nxa4 Ne4 22. Qe2 Qxg5 23. Qxa6 Bd4+ 24. Kh1 Ng3+ 25. hxg3 Qh6# 0-1

[Event "*** SCC Grand Prix: Titled Tuesday Blitz"]
[Site "Chess.com"]
[Date "2020.08.11"]
[Round "10"]
[White "AliKa2810"]
[Black "lelajavakhishvili"]
[Result "0-1"]
[WhiteElo "2594"]
[BlackElo "2453"]
[TimeControl "180+1"]
[EndTime "11:54:51 PDT"]
[Termination "lelajavakhishvili won by resignation"]

1. d4 Nf6 2. Bg5 c5 3. d5 Qb6 4.
Nf3 Qxb2 5. Nbd2 Nxd5 6. e4 Nc3 7. Qc1 Qxc1+ 8. Rxc1 Nc6 9. Bc4 e6 10. O-O b5 11. Bd3 c4 12. Nxc4 bxc4 13. Bxc4 Be7 14. Rfe1 Bxg5 15. Nxg5 O-O 16. e5 h6 17. Nf3 Rb8 18.
Nd2 Rd8 19. Re3 Nd5 20. Bxd5 exd5 21. f4 d6 22. c4 d4 23. Ree1 dxe5 24. fxe5 Bf5 0-1

[Event "*** SCC Grand Prix: Titled Tuesday Blitz"]
[Site "Chess.com"]
[Date "2020.08.11"]
[Round "10"]
[White "jacky72"]
[Black "Kotofeyca"]
[Result "1-0"]
[WhiteElo "2571"]
[BlackElo "2288"]
[TimeControl "180+1"]
[EndTime "11:55:13 PDT"]
[Termination "jacky72 won by checkmate"]

1. d4 d5 2. c4 c6 3. cxd5 cxd5 4. Bf4 Nf6 5. Nc3 Nc6 6. e3 a6 7. Bd3 Bg4 8. Nf3 e6 9. h3 Bh5 10. Rc1 Bd6 11. Bg5 O-O 12. g4 Bg6 13. h4 Be7 14. h5 Bxd3 15. Qxd3 Nxg4 16. Bxe7 Qxe7 17. Rg1 Nh6 18.
Ng5 Nf5 19. Ne2 h6 20. Nh3 Nb4 21. Qb1 Rac8 22. Rc3 Qh4 23. Nhf4 Nxe3 24. Rxe3 Nc2+ 25.
Kf1 Nxe3+ 26. fxe3 Qf6 27. Qe1 e5 28. dxe5 Qxe5 29.
Qg3 Qxb2 30. Nxd5 Rfe8 31. Kf2 Rc2 32. Nf4 Re5 33. Qxg7# 1-0

[Event "*** SCC Grand Prix: Titled Tuesday Blitz"]
[Site "Chess.com"]
[Date "2020.08.11"]
[Round "10"]
[White "barbara25"]
[Black "SanchezKelvin"]
[Result "1-0"]
[WhiteElo "2216"]
[BlackElo "2333"]
[TimeControl "180+1"]
[EndTime "11:55:26 PDT"]
[Termination "barbara25 won on time"]

1. e4 c5 2. Nf3 d6 3. d4 cxd4 4. Nxd4 Nf6 5. Nc3 g6 6. f3 Bg7 7. Be3 Nc6 8. Qd2 O-O 9. O-O-O Nxd4 10. Bxd4 Be6 11. Kb1 Qc7 12. g4 Rfc8 13. h4 Qa5 14.
Nd5 Qxd2 15. Nxf6+ Bxf6 16. Rxd2 Bxd4 17. Rxd4 h6 18. c3 Kg7 19. Be2 g5 20. h5 Kf6 21.
a3 Ke5 22. Rf1 b6 23. Kc2 Rc5 24. Kd2 Kf4 25. b4 Rc7 26. Rc1 a5 27. b5 Rc5 28. a4 d5 29. exd5+ 1-0

[Event "*** SCC Grand Prix: Titled Tuesday Blitz"]
[Site "Chess.com"]
[Date "2020.08.11"]
[Round "10"]
[White "binbin239"]
[Black "Nikithebest"]
[Result "1-0"]
[WhiteElo "2557"]
[BlackElo "2432"]
[TimeControl "180+1"]
[EndTime "11:55:28 PDT"]
[Termination "binbin239 won by resignation"]

1. d4 Nf6 2. c4 c5 3. Nf3 cxd4 4. Nxd4 e5 5. Nb5 d5 6. cxd5 Bc5 7. g3 O-O 8. N5c3 Re8 9. Bg2 e4 10. O-O Bf5 11. Bg5 Nbd7 12. Na4 Bd6 13. Nac3 Qb6 14. Nd2 h6 15. Nc4 Qc7 16. Nb5 Qxc4 17. Nxd6 Qxd5 18. Qxd5 Nxd5 19. Nxe8 hxg5 20. Nd6 Be6 21. Nxe4 f6 22. Rfd1 N7b6 23. Nc5 Bf7 24. Nxb7 Rb8 25. Nd6 Be6 26. Rac1 Kf8 27. Ne4 Na4 28. b3 Nab6 29. Nc5 Bf7 30. Bxd5 1-0

[Event "*** SCC Grand Prix: Titled Tuesday Blitz"]
[Site "Chess.com"]
[Date "2020.08.11"]
[Round "10"]
[White "Xeslu"]
[Black "Andrakhanova"]
[Result "1-0"]
[WhiteElo "2297"]
[BlackElo "1731"]
[TimeControl "180+1"]
[EndTime "11:55:30 PDT"]
[Termination "Xeslu won by resignation"]

1. e4 c5 2. Nf3 e6 3. c4 Nc6 4.
Nc3 Nge7 5. d4 d6 6. dxc5 dxc5 7. Qxd8+ Kxd8 8. Be3 b6 9. Rd1+ Bd7 10. Ng5 Ne5 11.
f4 Ng4 12. Bg1 Ke8 13. Nxf7 Kxf7 14. Rxd7 Ke8 15. Rd1 Rd8 16. h3 Nf6 17. Rxd8+ Kxd8 18. g4 Nc6 19. e5 Nd7 20. Bg2 Nb4 21. Kd2 a5 22. a3 Na6 23. Be3 Be7 24. Rd1 Kc8 25.
Bc6 Ndb8 26. Be4 g6 27. Ke2 Rd8 28. Rxd8+ Kxd8 29. Bf2 Nc7 30. h4 Nd7 31. g5 Nf8 32. Na4 b5 33. Nxc5 bxc4 34. Nb7+ Kd7 35. Nxa5 c3 36.
b4 Nb5 37. Bc6+ 1-0

[Event "*** SCC Grand Prix: Titled Tuesday Blitz"]
[Site "Chess.com"]
[Date "2020.08.11"]
[Round "10"]
[White "viktorskliarov"]
[Black "Irishchessman16"]
[Result "1-0"]
[WhiteElo "2596"]
[BlackElo "2392"]
[TimeControl "180+1"]
[EndTime "11:55:31 PDT"]
[Termination "viktorskliarov won by resignation"]

1. e4 c5 2. Nf3 Nc6 3. Bb5 g6 4. O-O Bg7 5. Re1 e5 6. Bxc6 dxc6 7. d3 Qc7 8. Nbd2 Nf6 9. Nc4 Nd7 10. a3 a5 11. Be3 O-O 12. b4 axb4 13. axb4 Rxa1 14.
Qxa1 cxb4 15. Qa7 Re8 16. Ra1 Qd8 17. Nd6 Re6 18. Nxb7 Bxb7 19. Qxb7 Bf8 20. Ra8 Qe7 21. Bh6 f6 22. Qxd7 1-0

[Event "*** SCC Grand Prix: Titled Tuesday Blitz"]
[Site "Chess.com"]
[Date "2020.08.11"]
[Round "10"]
[White "ThePatrick27"]
[Black "Shota_Azaladze"]
[Result "0-1"]
[WhiteElo "2476"]
[BlackElo "2672"]
[TimeControl "180+1"]
[EndTime "11:55:34 PDT"]
[Termination "Shota_Azaladze won by resignation"]

1. d4 d6 2. Nf3 Bg4 3. c4 Bxf3 4. gxf3 g6 5. Nc3 Bg7 6. e4 Nc6 7. Be3 e5 8. d5 Nd4 9. f4 c5 10. fxe5 dxe5 11. Qa4+ Qd7 12. Qxd7+ Kxd7 13. Bd3 Bh6 14. Bxd4 exd4 15. Na4 b6 16. Rb1 Bf8 17. a3 Bd6 18. b4 Rc8 19. Ke2 Nf6 20. bxc5 Bxc5 21. e5 Rhe8 22.
f4 Nh5 23. Nxc5+ Rxc5 24. Kf3 g5 25. Bf5+ Kd8 26. Bxh7 Nxf4 27. Rhe1 Rxc4 28. d6 Rc3+ 29. Kg4 Re3 30. Rxe3 dxe3 31. Kf5 e2 32. Kxg5 Ng2 33. Bf5 Rxe5 34. Rc1 Rc5 35. Rg1 e1=Q 36. Rxe1 Nxe1 37.
h4 Nf3+ 0-1